 Dungeon Crawl Stone Soup version 0.25.0-11-g1f837a76a1 (webtiles) character file.

Game seed: 16097029995341317024

4070 Delamore the Cleaver (level 10, -2/74 HPs)
             Began as a Formicid Fighter on June 27, 2020.
             Was a Believer of Okawaru.
             Slain by an eight-headed hydra (8 damage)
             ... on level 8 of the Dungeon.
             The game lasted 00:12:03 (9044 turns).

Delamore the Cleaver (Formicid Fighter)             Turns: 9044, Time: 00:12:03

Health: -2/74      AC:  9    Str: 24    XL:     10   Next: 49%
Magic:  0/10       EV:  6    Int:  8    God:    Okawaru [**....]
Gold:   369        SH:  9    Dex: 10    Spells: 9/9 levels left

rFire    . . .     SeeInvis +   a - +0 war axe
rCold    . . .     Gourm    .   c - +0 kite shield
rNeg     . . .     Faith    .   i - +0 chain mail
rPois    +         Spirit   +   (helmet unavailable)
rElec    .         Reflect  .   (no cloak)
rCorr    .         Harm     .   (no gloves)
MR       +....                  (no boots)
Stlth    ..........             v - amulet of guardian spirit
HPRegen  0.22/turn              G - ring of poison resistance
MPRegen  0.12/turn              L - ring of see invisible

@: no status effects
A: permanent stasis, dig shafts and tunnels, four strong arms, antennae 3,
talons 1, frail 1, mutation resistance 1
a: Dig, Shaft Self, Heroism, Renounce Religion


You were on level 8 of the Dungeon.
You worshipped Okawaru.
Okawaru was pleased with you.
You were near starving.

You visited 2 branches of the dungeon, and saw 9 of its levels.

You collected 603 gold pieces.
You spent 234 gold pieces at shops.

Inventory:

Hand Weapons
 a - a +0 war axe (weapon)
 P - a +1 battleaxe
Missiles
 s - 34 poisoned darts (quivered)
 y - 2 throwing nets
 O - 7 javelins
Armour
 b - a +0 scale mail
 c - a +0 kite shield (worn)
 i - a +0 chain mail (worn)
 C - a +2 tower shield
Jewellery
 g - an uncursed amulet of magic regeneration
 v - an amulet of guardian spirit (around neck)
 G - a ring of poison resistance (left hand)
 L - a ring of see invisible (right hand)
Wands
 l - a wand of digging (13)
 o - a wand of enslavement (10)
 q - a wand of random effects (20)
 I - a wand of flame (5)
Scrolls
 m - 5 scrolls of remove curse
 n - a scroll of teleportation
 t - a scroll of enchant weapon {unknown}
 w - a scroll of identify
 z - a scroll of magic mapping
 B - a scroll of torment {unknown}
 D - 2 scrolls of enchant armour
 E - a scroll of noise
 F - a scroll of silence
 N - a scroll of immolation {unknown}
 Q - a scroll of random uselessness {unknown}
Potions
 d - a potion of might
 e - 2 potions of mutation
 h - a potion of degeneration {unknown}
 j - 2 potions of haste {unknown}
 k - a potion of invisibility {unknown}
 p - a potion of flight {unknown}
 r - a potion of magic {unknown}
 x - a potion of berserk rage {unknown}
 A - a potion of stabbing {unknown}
 H - a potion of ambrosia {unknown}
 M - a potion of lignification {unknown}
Comestibles
 f - 12 rations


   Skills:
 + Level 9.0 Fighting
 + Level 12.3 Axes
 - Level 3.2 Armour
 - Level 3.6 Shields


You had 9 spell levels left.
You didn't know any spells.
Your spell library contained the following spells:

 Spells                   Type           Power        Failure   Level  Hunger
 Animate Skeleton         Necr           N/A          100%        1    ##.....
 Pain                     Necr           #...         100%        1    ##.....
 Vampiric Draining        Necr           #.........   100%        3    ####...
 Animate Dead             Necr           N/A          100%        4    #####..
 Agony                    Necr           #.......     100%        5    ######.


Dungeon Overview and Level Annotations

Branches:
Dungeon (8/15)             Temple (1/1) D:5
   Lair: D:8-11

Altars:
Ashenzari
Cheibriados
Dithmenos
Elyvilon
Fedhas
Gozag
Hepliaklqana
Kikubaaqudgha
Makhleb
Nemelex Xobeh
Okawaru
Qazlal
Ru
Sif Muna
Trog
Uskayaw
Vehumet
Wu Jian
Xom
Yredelemnul
Zin
The Shining One

Shops:
D:6 *?


Innate Abilities, Weirdness & Mutations

You cannot be hasted, slowed, berserked, paralysed or teleported.
You can dig through walls and to a lower floor.
Your four strong arms can wield two-handed weapons with a shield.
You have a pair of large antennae on your head. (SInv)
You have sharp toenails.
You are frail. (-10% HP)
You are somewhat resistant to further mutation.


Message History

The eight-headed hydra bites you.
* * * LOW HITPOINT WARNING * * *
The eight-headed hydra bites you!
* * * LOW HITPOINT WARNING * * *
The eight-headed hydra bites you.
* * * LOW HITPOINT WARNING * * *
The eight-headed hydra bites you.
* * * LOW HITPOINT WARNING * * *
You feel much better.
You block the eight-headed hydra's attack. x2
The eight-headed hydra bites you but does no damage.
The eight-headed hydra bites you.
* * * LOW HITPOINT WARNING * * *
The eight-headed hydra bites you!
* * * LOW HITPOINT WARNING * * *
The eight-headed hydra bites you but does no damage.
The eight-headed hydra bites you.
* * * LOW HITPOINT WARNING * * *
The eight-headed hydra bites you!
You die...

##.....[[.......+
.......##<.##..## #..# ...
.......######..######..##..#
##.....# ..............#
######### # ..............#
........#..# ..............# {
.......##..# .##.###...##..#
.......##..##.##.###...##..#
...............D@......#...#
.......................'...#
##.....##..##.########'##..#
##.....##..##.###.###..##..#
#.........y..........>..'...#
#....y.S.†..............#...#
#############..##..##..##...'
##.....##..##..##..##..##..##.
#.......#.......#......##..#
..


You could see an eight-headed hydra.

Vanquished Creatures
  Grinder (D:4)
  A hippogriff (D:8)
  Sigmund (D:5)
  A wraith (D:7)
  A hungry ghost (D:7)
  Edmund (D:5)
  Duvessa (D:6)
  An orc warrior (D:6)
  A phantom (D:4)
  A sky beast (D:6)
  An ice beast (D:8)
  2 ogres
  4 centaurs
  A bullfrog (D:8)
  A water moccasin zombie (D:5)
  Dowan (D:6)
  4 scorpions
  9 killer bees
  5 wights (D:8)
  3 howler monkeys
  A centaur zombie (D:8)
  5 crimson imps
  A quasit (D:7)
  2 centaur skeletons
  3 hounds
  3 jellies
  A gnoll shaman (D:5)
  An iguana (D:7)
  3 orc wizards
  5 worker ants
  2 hound zombies
  2 hound skeletons (D:7)
  11 gnolls
  5 adders
  A shadow imp (D:5)
  An ooze (D:3)
  3 adder skeletons
  An adder zombie (D:6)
  5 worms
  2 dart slugs
  7 leopard geckos
  21 orcs
  9 giant cockroaches
  11 hobgoblins
  7 jackals
  6 kobolds
  6 quokkas
  A ball python skeleton (D:5)
  11 bats
  4 frilled lizards (D:1)
  5 goblins
  A jackal zombie (D:4)
  A leopard gecko skeleton (D:8)
  3 rats
192 creatures vanquished.

Notes
Turn   | Place    | Note
-------+----------+-------------------------------------------
     0 | D:1      | Delamore the Formicid Fighter began the quest for the Orb.
     0 | D:1      | Reached XP level 1. HP: 18/18 MP: 1/1
   158 | D:1      | Reached XP level 2. HP: 23/25 MP: 2/2
   597 | D:1      | Reached XP level 3. HP: 26/30 MP: 3/3
  1004 | D:2      | Reached skill level 3 in Axes
  1363 | D:2      | Reached XP level 4. HP: 19/38 MP: 4/4
  2443 | D:3      | Reached skill level 4 in Axes
  2443 | D:3      | Reached XP level 5. HP: 36/43 MP: 5/5
  2770 | D:3      | Found a white marble altar of Elyvilon.
  3115 | D:4      | Noticed a phantom
  3167 | D:4      | Killed a phantom
  3167 | D:4      | Reached skill level 5 in Fighting
  3167 | D:4      | Reached skill level 5 in Axes
  3167 | D:4      | Reached XP level 6. HP: 26/51 MP: 6/6
  3368 | D:4      | Reached XP level 7. HP: 26/56 MP: 7/7
  4143 | D:5      | Entered Level 5 of the Dungeon
  4157 | D:5      | Reached skill level 6 in Axes
  4201 | D:5      | Noticed Sigmund
  4208 | D:5      | Killed Sigmund
  4245 | D:5      | Reached skill level 7 in Axes
  4245 | D:5      | Reached XP level 8. HP: 45/64 MP: 8/8
  4907 | D:5      | Reached skill level 8 in Axes
  5231 | D:5      | Found a staircase to the Ecumenical Temple.
  5266 | D:5      | Noticed Grinder
  5279 | D:5      | Gained mutation: You are frail. (-10% HP) [potion of
                  | mutation]
  5279 | D:5      | Gained mutation: You are somewhat resistant to further
                  | mutation. [potion of mutation]
  5279 | D:5      | Gained mutation: You have sharp toenails. [potion of
                  | mutation]
  5303 | D:4      | Killed Grinder
  5303 | D:4      | Reached skill level 9 in Axes
  5303 | D:4      | Reached XP level 9. HP: 60/63 MP: 0/9
  5401 | D:5      | Found a sacrificial altar of Ru.
  5649 | Temple   | Entered the Ecumenical Temple
  5834 | Temple   | Became a worshipper of Warmaster Okawaru
  6338 | D:6      | Found Temis's Magic Scroll Shop.
  6341 | D:6      | Bought a scroll of magic mapping for 42 gold pieces
  6341 | D:6      | Bought a scroll of noise for 12 gold pieces
  6341 | D:6      | Bought a scroll of silence for 90 gold pieces
  6341 | D:6      | Bought a scroll of enchant armour for 90 gold pieces
  6518 | D:6      | Found Gozag's Platinum Reserve.
  6527 | D:6      | Reached skill level 10 in Axes
  6571 | D:6      | Found an opulent altar of Gozag.
  6657 | D:6      | Noticed Edmund
  6660 | D:6      | Noticed Duvessa
  6661 | D:6      | Noticed Dowan
  6693 | D:5      | Killed Edmund
  6716 | D:6      | Killed Duvessa
  6716 | D:6      | Reached * piety under Okawaru
  6724 | D:6      | Killed Dowan
  7265 | D:7      | Reached skill level 11 in Axes
  7565 | D:7      | Reached XP level 10. HP: 71/72 MP: 10/10
  7920 | D:8      | Reached ** piety under Okawaru
  8139 | D:8      | Found a radiant altar of Vehumet.
  8231 | D:8      | Reached skill level 12 in Axes
  9034 | D:8      | Noticed an eight-headed hydra
  9043 | D:8      | HP: 3/74 [eight-headed hydra (4)]
  9044 | D:8      | Slain by an eight-headed hydra

Illustrated notes

Levels and vault maps discovered:
D:1:      psy_arrival_fountain, layout_basic, minmay_tromino_v2
D:2:      layout_loops_corners, hangedman_abyss_or_decor_stabs
D:3:      layout_rooms, elyvilon_altar_3
D:4:      layout_cave_pools, first_ration, wad_floor_pattern_2,
          minmay_misc_feat_roman
D:5:      layout_loops_ring, nicolae_ru_great_annihilating_truth,
          minmay_temple_entry_ruins, minivault_11, uniq_grinder, uniq_sigmund
D:6:      layout_rooms, nicolae_gozag_zags_fifth_avenue, serial_shops,
          nicolae_shop_behind_doors, uniq_edmund, uniq_duvessa
D:7:      layout_gridville
D:8:      layout_gridville, vehumet_altar_wand_db, erik_lair_dragon
Temple:   eino_narrow_crystal_temple

Skill      XL: |  1  2  3  4  5  6  7  8  9 10 |
---------------+-------------------------------+-----
Fighting       | 4 5 6 8 9 |  9.0
Axes           | 3 4 5 7 9 11 12 | 12.3
Armour         | |  3.2
Shields        | |  3.6

Action                   |  1- 3 |  4- 6 |  7- 9 | 10-12 || total
-------------------------+-------+-------+-------+-------++-------
Melee: War axe           |   104 |   179 |   318 |   130 ||   731
       Kick              |       |       |    44 |    32 ||    76
Throw: Dart              |       |       |     3 |       ||     3
Evoke: Wand              |       |       |     1 |     9 ||    10
  Use: Scroll            |       |       |     5 |     1 ||     6
       Potion            |       |       |     2 |     3 ||     5
 Stab: Invisible         |       |       |     1 |       ||     1
       Paralysed         |       |       |     1 |       ||     1
  Eat: Chunk             |     2 |     6 |    15 |       ||    23
       Ration            |       |       |     1 |     1 ||     2
Armor: Scale mail        |    18 |       |       |       ||    18
       Chain mail        |    15 |   101 |   135 |    98 ||   349
Dodge: Dodged            |    40 |    42 |    65 |    46 ||   193
Block: Kite shield       |    58 |    79 |   132 |    93 ||   362
